 Dungeon Crawl Stone Soup version 0.26.1-2-gb8aa6d0cf2 (webtiles) character file.

Game seed: 13675302507406475598

505 windgrace the Gusty (level 6, -1/46 HPs)
             Began as a Demigod Air Elementalist on Feb 9, 2021.
             Shot with an arrow by a centaur (6 damage)
             ... on level 5 of the Dungeon.
             The game lasted 00:22:06 (4189 turns).

windgrace the Gusty (Demigod Air Elementalist)      Turns: 4189, Time: 00:22:06

Health: -1/46      AC:  2    Str: 17    XL:     6   Next: 64%
Magic:  14/15      EV: 13    Int: 23    God:
Gold:   259        SH:  0    Dex: 16    Spells: 1/12 levels left

rFire    . . .     SeeInvis .   s - +1 dagger (venom)
rCold    + . .     Faith    .   (no shield)
rNeg     . . .     Spirit   .   e - +0 robe
rPois    .         Reflect  .   (no helmet)
rElec    .         Harm     .   (no cloak)
rCorr    .         Rampage  .   (no gloves)
Will     .....                  (no boots)
Stlth    ++........             (no amulet)
HPRegen  0.15/turn              w - +6 ring of strength
MPRegen  0.14/turn              x - ring of protection from cold

@: no status effects
A: high mp 1
a: no special abilities


You were on level 5 of the Dungeon.
You visited 1 branch of the dungeon, and saw 5 of its levels.

You collected 259 gold pieces.

Inventory:

Hand Weapons
 d - a +0 club
 h - a +0 whip
 i - a +0 dagger of draining
 s - a +1 dagger of venom (weapon)
Missiles
 m - 14 javelins
Armour
 a - a +0 robe
 e - a +0 robe (worn)
Jewellery
 w - a +6 ring of strength (left hand)
 x - a ring of protection from cold (right hand)
Scrolls
 b - a scroll of teleportation {unknown}
 c - 4 scrolls of identify {unknown}
 f - a scroll of fog {unknown}
 g - a scroll of immolation {unknown}
 j - a scroll of enchant armour {unknown}
 u - a scroll of magic mapping {unknown}
 v - a scroll of remove curse {unknown}
 y - a scroll of fear {unknown}
 z - a scroll of noise {unknown}
 A - a scroll of amnesia {unknown}
Potions
 k - a potion of flight {unknown}
 l - 2 potions of haste
 n - a potion of heal wounds {unknown}
 o - a potion of curing {unknown}
 p - a potion of attraction {unknown}
 r - a potion of might {unknown}
 t - a potion of invisibility {unknown}
 B - a potion of degeneration {unknown}


   Skills:
 + Level 0.4 Fighting
 + Level 0.4 Short Blades
 + Level 2.3 Dodging
 + Level 2.3 Stealth
 + Level 3.8 Spellcasting
 + Level 3.0 Conjurations
 + Level 0.1 Translocations
 + Level 4.5 Air Magic


You had one spell level left.
You knew the following spells:

 Your Spells              Type           Power        Failure   Level
a - Shock                 Conj/Air       88%          2%          1
b - Swiftness             Air            25%          2%          2
c - Lightning Bolt        Conj/Air       11%          52%         5
d - Gell's Gravitas       Tloc           2%           30%         3

Your spell library contained the following spells:

 Spells                   Type           Power        Failure   Level
 Corona                   Hex            4%           11%         1
 Static Discharge         Conj/Air       22%          7%          3
 Ensorcelled Hibernation  Hex/Ice        8%           16%         2
 Airstrike                Air            12%          16%         4
 Dazzling Flash           Conj/Hex       22%          17%         3
 Confusing Touch          Hex            4%           32%         3
 Tukima's Dance           Hex            4%           32%         3
 Petrify                  Tmut/Erth      4%           71%         4
 Metabolic Englaciation   Hex/Ice        2%           96%         5
 Yara's Violent Unravell  Hex/Tmut       2%           96%         5


Dungeon Overview and Level Annotations

Branches:
Dungeon (5/15)             Temple (0/1) D:4

Annotations:
D:3 Natasha


Innate Abilities, Weirdness & Mutations

You have an increased reservoir of magic. (+10% MP)


Message History

The centaur shouts!
The centaur wields a +0 shortbow.
The centaur shoots an arrow.
The arrow hits you!
Casting: Shock (safe; 2% risk of failure)
Confirm with . or Enter, or press ? or * to list all spells.
Aiming: Shock (safe; 2% risk of failure)
Press: ? - help, Shift-Dir - straight line, f/p - centaur
Aim: a centaur, wielding a +0 shortbow and quivering 21 arrows (moderately wounded, 16% to evade)
The zap misses the centaur.
The centaur shoots an arrow.
The arrow hits you!
The centaur shoots an arrow.
The arrow hits you!
The centaur shoots an arrow.
The arrow hits you!!
* * * LOW HITPOINT WARNING * * *
You see here an arrow.
Okay, then.
Okay, then.
Blink to where?
Press: ? - help, Dir - move target
As you read the scroll of blinking, it crumbles to dust.
The centaur shoots an arrow.
The arrow hits you.
You die...

..# #.# #.# #.# #.#
#.# ######.###.###
#.<..........#
#........>.(.#
#.#.##....ยง#.#
#####.#.########.##.
####..@#.#.# #.(.>
..........c.# #.#..
###........<# #.#..
#...........# #.c..
#.#.........# ###..
# ###......## ..
#.....## ## #######


You could see a centaur.

Vanquished Creatures
  A phantom (D:5)
  A hound (D:4)
  4 orc wizards
  2 orc priests
  An iguana (D:4)
  Natasha (twice) (D:3)
  A worker ant (D:3)
  3 adders
  An ooze (D:3)
  An adder skeleton (D:4)
  A worm (D:2)
  A dart slug (D:5)
  4 leopard geckos
  8 orcs
  5 bats
  4 giant cockroaches
  11 goblins
  9 hobgoblins
  A quokka (D:2)
  4 frilled lizards
  6 kobolds
  8 rats
79 creatures vanquished.

Vanquished Creatures (others)
  3 plants (D:4)
3 creatures vanquished.

Grand Total: 82 creatures vanquished

Notes
Turn   | Place    | Note
-------+----------+-------------------------------------------
     0 | D:1      | windgrace the Demigod Air Elementalist began the quest for
                  | the Orb.
     0 | D:1      | Reached XP level 1. HP: 14/14 MP: 5/5
   167 | D:1      | Reached skill level 1 in Conjurations
   245 | D:1      | Reached skill level 3 in Air Magic
   345 | D:1      | Reached XP level 2. HP: 20/20 MP: 1/7
   410 | D:1      | Learned a level 2 spell: Swiftness
  1318 | D:2      | Found an ancient bone altar of Kikubaaqudgha.
  1320 | D:2      | Found an iron altar of Okawaru.
  1338 | D:2      | Found a burning altar of Makhleb.
  1459 | D:2      | Reached XP level 3. HP: 26/26 MP: 1/9
  1485 | D:2      | Reached XP level 4. HP: 9/33 MP: 0/10
  2279 | D:3      | Reached XP level 5. HP: 38/38 MP: 3/12
  2285 | D:3      | Learned a level 5 spell: Lightning Bolt
  2314 | D:3      | Reached skill level 4 in Air Magic
  2536 | D:3      | Noticed Natasha
  2546 | D:3      | Killed Natasha
  2771 | D:3      | Noticed Natasha
  2775 | D:3      | Killed Natasha
  3116 | D:3      | Noticed Natasha
  3278 | D:3      | Reached XP level 6. HP: 44/45 MP: 10/14
  3691 | D:4      | Learned a level 3 spell: Gell's Gravitas
  4044 | D:4      | Found a staircase to the Ecumenical Temple.
  4079 | D:5      | Entered Level 5 of the Dungeon
  4189 | D:5      | Shot with an arrow by a centaur

Illustrated notes

Levels and vault maps discovered:
D:1:      dpeg_arrival_simpleton_a, layout_loops_ring
D:2:      layout_rooms, nicolae_overflow_hidden_temple
D:3:      layout_loops_ring, gup_sewer_entry_bubbles, uniq_natasha
D:4:      cheibrodos_old_hovel, layout_rooms, minmay_temple_entry_glassed_door,
          serial_glass, glass_columns_a, glass_columns_a, minmay_misc_feat_cross
D:5:      layout_loops_ring

Skill      XL: |  1  2  3  4  5  6 |
---------------+-------------------+-----
Conjurations   | 1 2 3 |  3.0
Air Magic      | 3 4 |  4.5
Spellcasting   | 2 3 |  3.8
Dodging        | 2 |  2.3
Stealth        | 2 |  2.3
Fighting       | |  0.4
Short Blades   | |  0.4
Translocations | |  0.1

Action                   |  1- 3 |  4- 6 || total
-------------------------+-------+-------++-------
Melee: Club              |     3 |       ||     3
       Dagger            |    16 |    44 ||    60
 Cast: Shock             |    61 |   103 ||   164
       Lightning Bolt    |       |     2 ||     2
       Gell's Gravitas   |       |     1 ||     1
  Use: Scroll            |       |     2 ||     2
 Stab: Sleeping          |       |     1 ||     1
Armor: Robe              |     5 |    11 ||    16
Dodge: Dodged            |    20 |    26 ||    46
